 Dungeon Crawl Stone Soup version 0.15.2 (webtiles) character file.

401 magipi the Chiller (level 6, 0/36 HPs)
             Began as an Octopode Ice Elementalist on Jan 22, 2015.
             Was a Follower of Fedhas.
             Slain by a killer bee (7 damage)
             ... on Level 5 of the Dungeon.
             The game lasted 00:29:01 (6456 turns).

magipi the Chiller (Octopode Ice Elementalist)      Turns: 6456, Time: 00:29:01

HP   0/36        AC  7     Str  8      XL: 6   Next: 85%
MP   7/10        EV 12     Int 19      God: Fedhas [*.....]
Gold 216         SH  0     Dex 12      Spells:  3 memorised,  1 level left

rFire  . . .     SeeInvis .     q - +0 dagger
rCold  . . .     Clarity  .     (no shield)
rNeg   . . .     rCorr    .     (helmet restricted)
rPois  .         rRot     .     x - amulet of faith
rElec  .         Spirit   .     (no ring)
SustAb .         Warding  .     (no ring)
rMut   .         Stasis   .     (no ring)
Gourm  .                        (no ring)
MR     .....                    (no ring)
                                (no ring)
                                (no ring)
                                (no ring)

@: lethally poisoned, icy armour, starving, hasted, very quick, not resistant to
hostile enchantments, fairly stealthy
A: almost no armour, amphibious, 8 rings, constrict 8, camouflage 1, gelatinous
body 1
a: Evolution, Renounce Religion


You were on level 5 of the Dungeon.
You worshipped Fedhas.
Fedhas was aware of your devotion.
You were starving.

You visited 1 branch of the dungeon, and saw 6 of its levels.

You collected 216 gold pieces.

Notes
Turn   | Place    | Note
--------------------------------------------------------------
     0 | D:1      | magipi, the Octopode Ice Elementalist, began the quest for the Orb.
     0 | D:1      | Reached XP level 1. HP: 11/11 MP: 3/3
   746 | D:1      | Reached XP level 2. HP: 17/17 MP: 2/4
  1707 | D:1      | Reached skill level 4 in Ice Magic
  1827 | D:1      | Reached XP level 3. HP: 21/21 MP: 3/6
  1832 | D:1      | Learned a level 3 spell: Ozocubu's Armour
  2123 | D:2      | Reached skill level 1 in Charms
  2413 | D:3      | Reached XP level 4. HP: 27/27 MP: 5/7
  2908 | D:2      | Found a blossoming altar of Fedhas.
  2917 | D:2      | Became a worshipper of Fedhas Madash
  3925 | D:3      | Reached skill level 5 in Ice Magic
  3943 | D:3      | Reached XP level 5. HP: 27/31 MP: 5/9
  4146 | D:3      | Learned a level 4 spell: Summon Ice Beast
  4357 | D:3      | Reached skill level 1 in Summonings
  4740 | D:3      | Acquired Fedhas' first power
  4817 | D:4      | Found a basalt altar of Yredelemnul.
  5308 | D:4      | Noticed a phantom
  5596 | D:4      | Reached XP level 6. HP: 22/36 MP: 6/10
  5688 | D:5      | Entered Level 5 of the Dungeon
  6158 | D:6      | Reached skill level 6 in Ice Magic
  6360 | D:5      | Found a radiant altar of Vehumet.
  6361 | D:5      | Found a burning altar of Makhleb.
  6456 | D:5      | Slain by a killer bee

Inventory:

Hand weapons
 q - a +0 dagger (weapon)
Missiles
 d - 20 poisoned needles
Magical devices
 y - a wand of flame (0)
Comestibles
 c - 4 bread rations
 f - 2 meat rations
 v - 3 beef jerkies
Scrolls
 a - 2 scrolls of noise {unknown}
 e - a scroll of fear {unknown}
 g - 3 scrolls of identify
 h - a scroll of recharging {unknown}
 i - a scroll of fog {unknown}
 k - a scroll of amnesia {unknown}
 l - a scroll of teleportation {unknown}
 o - a scroll of enchant armour {unknown}
 p - 5 scrolls of remove curse
 t - a scroll of magic mapping {unknown}
 u - a scroll of random uselessness {unknown}
Jewellery
 m - an uncursed ring of fire
 x - an amulet of faith (around mantle)
Potions
 j - 2 potions of flight
 r - a potion of resistance
 s - a potion of curing
 w - a potion of agility {unknown}
Books
 b - a book of Frost

   Spells                             Type                      Level
   *Freeze                            Ice                          1
   Throw Frost                        Conjuration/Ice              2
   *Ozocubu's Armour                  Charms/Ice                   3
   Throw Icicle                       Conjuration/Ice              4
   *Summon Ice Beast                  Ice/Summoning                4
   Condensation Shield                Ice                          4


   Skills:
 - Level 2.0 Dodging
 - Level 2.6 Stealth
 - Level 2.0 Spellcasting
   Level 1.0 Conjurations
 - Level 2.0 Charms
 + Level 3.3 Summonings
 + Level 6.1 Ice Magic


You had one spell level left.
You knew the following spells:

 Your Spells              Type           Power        Failure   Level  Hunger
a - Freeze                Ice            ####         1%          1    #......
b - Summon Ice Beast      Ice/Summ       ###.....     28%         4    #####..
o - Ozocubu's Armour      Chrm/Ice       ###.....     12%         3    ####...


Dungeon Overview and Level Annotations

Branches:
Dungeon (6/15)
 Temple: D:4-7

Altars:
Fedhas
Makhleb
Vehumet
Yredelemnul

Annotations:
D:3 yiuf


Innate Abilities, Weirdness & Mutations

You cannot wear most types of armour.
You are amphibious.
You can wear up to eight rings at the same time.
You can use your tentacles to constrict many enemies at once.
Your skin changes colour to match your surroundings (Stealth).
Your rubbery body absorbs attacks (AC +1).

Vault maps used:
D:1:      lemuel_arrival_room
D:2:      tgw_fedhas
D:3:      first_bread, uniq_crazy_yiuf_cottage
D:4:      lemuel_crystal_altar
D:5:      lemuel_ice_spiral_2, grunt_temple_overflow_lords_of_destruction,
          enter_ossuary_1, uniq_prince_ribbit1, uniq_edmund
D:6:      temple_hall, nicolae_good_shop


Message History

Casting: Freeze
Confirm with . or Enter, or press ? or * to list all spells.
Aiming: Freeze
Press: ? - help, Shift-Dir - straight line, f/p - crimson imp
Aim: a crimson imp carrying a wand of flame {zapped: 1} You freeze the crimson imp.
The crimson imp is lightly wounded.
The crimson imp hits you but does no damage.
Casting: Freeze
Confirm with . or Enter, or press ? or * to list all spells.
Aiming: Freeze
Press: ? - help, Shift-Dir - straight line, f/p - crimson imp
Aim: a crimson imp carrying a wand of flame {zapped: 1} You miscast Freeze.
You are very lightly contaminated with residual magic.
Wisps of condensation drift from your tentacles.
The crimson imp blinks!
Unknown command.
The crimson imp hits you.
Casting: Freeze
Confirm with . or Enter, or press ? or * to list all spells.
Aiming: Freeze
Press: ? - help, Shift-Dir - straight line, f/p - crimson imp
Aim: a crimson imp carrying a wand of flame {zapped: 1} You freeze the crimson imp.
The crimson imp is frozen!
You kill the crimson imp!
Casting: Freeze
Confirm with . or Enter, or press ? or * to list all spells.
You can't see any susceptible monsters within range! (Use Z to cast anyway.) Unknown command.
y - a wand of flame {zapped: 1} You start resting.
Your magical contamination has completely faded away.
You start resting.
Magic restored.
There is an open door here.
You hear the rapid hiss of a distant avalanche of sand.
You open the door.
A hobgoblin comes into view. It is wielding a club.
The hobgoblin shouts!
There is an open door here.
The hobgoblin misses you.
You hit the hobgoblin but do no damage. Your grab misses the hobgoblin.
The hobgoblin hits you with a club.
You barely miss the hobgoblin. You grab the hobgoblin.
You hear the rapid hiss of a distant avalanche of sand.
You constrict the hobgoblin, but do no damage.
The hobgoblin closely misses you.
Casting: Freeze
Confirm with . or Enter, or press ? or * to list all spells.
Aiming: Freeze
Press: ? - help, Shift-Dir - straight line, f - hobgoblin
Aim: a hobgoblin, wielding a club (constricted by you)
You freeze the hobgoblin.
The hobgoblin is moderately wounded.
You constrict the hobgoblin. You hit the hobgoblin but do no damage.
The hobgoblin is severely wounded.
You constrict the hobgoblin, but do no damage.
The hobgoblin hits you with a club.
You hit the hobgoblin.
You kill the hobgoblin!
You see here a club.
There is an open door here.
A kobold comes into view. It is wielding a whip.
The kobold shouts!
You hear a shout!
You hear a shout!
The kobold unwields an uncursed whip.
The kobold wields a blowgun.
The kobold shoots a poisoned needle.
The poisoned needle barely misses you.
A gnoll comes into view. It is wielding a club.
The kobold shoots a poisoned needle.
The poisoned needle misses you.
A gnoll comes into view. It is wielding a halberd.
The kobold shoots a poisoned needle.
The poisoned needle barely misses you.
You see here a poisoned needle.
The kobold shoots a poisoned needle.
The poisoned needle misses you.
The kobold shoots a poisoned needle.
The poisoned needle misses you. The killer bee barely misses you.
The hiss of flowing sand is almost imperceptible now.
The killer bee stings you! The killer bee stings you.
The killer bee closely misses you.
Casting: Freeze
Confirm with . or Enter, or press ? or * to list all spells.
A film of ice covers your body!
You are starving!
The killer bee stings you!
* * * LOW HITPOINT WARNING * * *
The killer bee misses you. The killer bee closely misses you.
The killer bee stings you but does no damage.
The killer bee stings you.
* * * LOW HITPOINT WARNING * * *
You are poisoned.
The killer bee poisons you!
Read which item? (? for menu, Esc to quit)
Okay, then.
Drink which item? (? for menu, Esc to quit)
You feel yourself speed up.
You feel sick. The killer bee closely misses you. The gnoll barely misses you.
The killer bee stings you!
You die...
Fedhas appreciates your contribution to the ecosystem.

###### #### # #....# #..
.... #....# #.#......
#....# #)#..... #....#
#.#... #
#####....#######'#.###.#.
#...>....................
###.##.###...@ygg..........
#...##.# #.######...(#####.
#.####.# #.# #....(....#
#.####.###.# #...g.g...#
#.......##.# #.###.....#
######..##.# ###.##g...#
#.....####.._#(...#
#...###.'....#....#
#.......##.._#..........


You could see a killer bee and 2 gnolls.

Table legend:
 A = Kills in this place as a percentage of kills in entire the game.
 B = Kills by you in this place as a percentage of kills by you in the entire game.
 C = Kills by friends in this place as a percentage of kills by friends in the entire game.
 D = Other kills in this place as a percentage of other kills in the entire game.
 E = Experience gained in this place as a percentage of experience gained in the entire game.
 F = Experience gained in this place divided by the number of levels of this place that you have seen.
                   A       B       C       D       E      F
               +-------+-------+-------+-------+-------+----------------------
         Total | 100.0 | 100.0 | 100.0 |  -nan | 100.0 |  95.5
       Dungeon | 100.0 | 100.0 | 100.0 |  -nan | 100.0 |  95.5
               +-------+-------+-------+-------+-------+----------------------

Vanquished Creatures
  2 killer bees
  A crimson imp (D:5)
  An orc wizard (D:3)
  A worker ant (D:4)
  4 adders
  A gnoll (D:2)
  2 worms
  An adder skeleton (D:4)
  3 giant geckos
  4 oozes
  10 orcs (D:3)
  A bat skeleton (D:4)
  8 giant cockroaches
  9 goblins
  14 hobgoblins
  13 kobolds
  3 quokkas
  3 ball pythons
  12 bats
  2 giant newts
  6 jackals
  An orc skeleton (D:4)
  11 rats
113 creatures vanquished.

Vanquished Creatures (collateral kills)
  An ogre (D:5)
1 creature vanquished.

Vanquished Creatures (others)
  2 ice beasts (D:5)
  34 toadstools
36 creatures vanquished.

Grand Total: 150 creatures vanquished Notes Turn | Place | Note -------------------------------------------------------------- 0 | D:1 | magipi, the Octopode Ice Elementalist, began the quest for the Orb. 0 | D:1 | Reached XP level 1. HP: 11/11 MP: 3/3 746 | D:1 | Reached XP level 2. HP: 17/17 MP: 2/4 1707 | D:1 | Reached skill level 4 in Ice Magic 1827 | D:1 | Reached XP level 3. HP: 21/21 MP: 3/6 1832 | D:1 | Learned a level 3 spell: Ozocubu's Armour 2123 | D:2 | Reached skill level 1 in Charms 2413 | D:3 | Reached XP level 4. HP: 27/27 MP: 5/7 2908 | D:2 | Found a blossoming altar of Fedhas. 2917 | D:2 | Became a worshipper of Fedhas Madash 3925 | D:3 | Reached skill level 5 in Ice Magic 3943 | D:3 | Reached XP level 5. HP: 27/31 MP: 5/9 4146 | D:3 | Learned a level 4 spell: Summon Ice Beast 4357 | D:3 | Reached skill level 1 in Summonings 4740 | D:3 | Acquired Fedhas' first power 4817 | D:4 | Found a basalt altar of Yredelemnul. 5308 | D:4 | Noticed a phantom 5596 | D:4 | Reached XP level 6. HP: 22/36 MP: 6/10 5688 | D:5 | Entered Level 5 of the Dungeon 6158 | D:6 | Reached skill level 6 in Ice Magic 6360 | D:5 | Found a radiant altar of Vehumet. 6361 | D:5 | Found a burning altar of Makhleb. 6456 | D:5 | Slain by a killer bee

Action                   |  1- 3 |  4- 6 || total
-------------------------+-------+-------++-------
Melee: Club              |     2 |       ||     2
       Short sword       |    12 |       ||    12
       Dagger            |       |    90 ||    90
 Cast: Freeze            |    50 |   102 ||   152
       Ozocubu's Armour  |       |     3 ||     3
       Summon Ice Beast  |       |     3 ||     3
  Use: Scroll            |       |     7 ||     7
       Potion            |       |     1 ||     1
 Stab: Sleeping          |     1 |    11 ||    12
  Eat: Chunk             |     5 |    12 ||    17
       Beef jerky        |       |     1 ||     1

Action                   |  1- 3 |  4- 6 || total
-------------------------+-------+-------++-------
Melee: Club              |     2 |       ||     2
       Short sword       |    12 |       ||    12
       Dagger            |       |    90 ||    90
 Cast: Freeze            |    50 |   102 ||   152
       Ozocubu's Armour  |       |     3 ||     3
       Summon Ice Beast  |       |     3 ||     3
  Use: Scroll            |       |     7 ||     7
       Potion            |       |     1 ||     1
 Stab: Sleeping          |     1 |    11 ||    12
  Eat: Chunk             |     5 |    12 ||    17
       Beef jerky        |       |     1 ||     1

Action                   |  1- 3 |  4- 6 || total
-------------------------+-------+-------++-------
Melee: Club              |     2 |       ||     2
       Short sword       |    12 |       ||    12
       Dagger            |       |    90 ||    90
 Cast: Freeze            |    50 |   102 ||   152
       Ozocubu's Armour  |       |     3 ||     3
       Summon Ice Beast  |       |     3 ||     3
  Use: Scroll            |       |     7 ||     7
       Potion            |       |     1 ||     1
 Stab: Sleeping          |     1 |    11 ||    12
  Eat: Chunk             |     5 |    12 ||    17
       Beef jerky        |       |     1 ||     1
